 Dungeon Crawl Stone Soup version 0.29-a0-398-ge13fd1374b (webtiles) character file.

Game seed: 8901955379175840474

5210 avis the Severer (level 10, -3/94 HPs)
             Began as a Hill Orc Monk on May 12, 2022.
             Was a Priest of Beogh.
             Slain by a hornet (10 damage)
             ... on level 9 of the Dungeon on May 13, 2022.
             The game lasted 00:41:31 (8290 turns).

avis the Severer (Hill Orc Monk)                    Turns: 8290, Time: 00:41:33

Health: -3/94      AC: 14    Str: 19    XL:     10   Next: 61%
Magic:  13/13      EV: 11    Int: 12    God:    Beogh [***...]
Gold:   512        SH:  0    Dex: 13    Spells: 9/11 levels left

rFire   . . .      SeeInvis .   a - +1 hand axe (flame)
rCold   . . .      Faith    +   (no shield)
rNeg    . . .      Spirit   .   K - +5 ring mail of Arcadian Contentment {rElec Int+2}
rPois   .          Reflect  .   s - +1 helmet
rElec   +          Harm     .   G - +0 cloak
rCorr   .          Rampage  .   l - +0 pair of gloves
Will    .....                   (no boots)
Stlth   +.........              r - amulet of faith
HPRegen 0.25/turn               F - +4 ring of slaying
MPRegen 0.13/turn               (no ring)

@: lethally poisoned (-3 -> -11), slowed, very slow
A: no striking features
a: Renounce Religion, Smiting


You were on level 9 of the Dungeon.
You worshipped Beogh.
Beogh was most pleased with you.
You visited 2 branches of the dungeon, and saw 10 of its levels.

You collected 512 gold pieces.

Inventory:

Hand Weapons
 a - a +1 hand axe of flaming (weapon)
 d - a +0 trident
 h - a +0 trident
 j - a +2 dagger of venom
 o - a +0 dagger of venom
 q - a +0 hand crossbow
 M - a +0 vorpal morningstar
 Q - a +0 war axe
Missiles
 f - 2 throwing nets
 m - 4 javelins
 z - 22 poisoned darts (quivered)
Armour
 l - a +0 pair of gloves (worn)
 s - a +1 helmet (worn)
 G - a +0 cloak (worn)
 K - the +5 ring mail of Arcadian Contentment (worn) {rElec Int+2}
   (You found it on level 4 of the Dungeon)

   Int:       It affects your intelligence (+2).
   rElec:     It insulates you from electricity.
Jewellery
 p - a ring of ice
 r - an amulet of faith (around neck)
 F - a +4 ring of slaying (left hand)
 L - a ring of flight
Wands
 v - a wand of iceblast (9)
 N - a wand of paralysis (12)
Scrolls
 e - 3 scrolls of amnesia {unknown}
 k - 4 scrolls of enchant armour {unknown}
 n - a scroll of torment {unknown}
 t - a scroll of enchant weapon {unknown}
 w - 5 scrolls of teleportation
 x - a scroll of poison {unknown}
 y - 4 scrolls of blinking {unknown}
 B - a scroll of vulnerability {unknown}
 I - 2 scrolls of fear {unknown}
Potions
 b - a potion of lignification
 c - a potion of ambrosia
 u - a potion of cancellation
 A - a potion of might
 C - a potion of mutation
 D - a potion of attraction
 J - a potion of magic


   Skills:
 + Level 10.7 Fighting
 * Level 15.6 Axes
 - Level 2.4 Dodging
 - Level 1.5 Stealth
 - Level 1.0 Spellcasting
 - Level 2.0 Translocations
 - Level 5.0 Invocations


You had 9 spell levels left.
You knew the following spells:

 Your Spells              Type           Power      Damage    Failure   Level
b - Blink                 Tloc           10%        N/A       34%         2

Your spell library contained the following spells:

 Spells                   Type           Power      Damage    Failure   Level
 Lesser Beckoning         Tloc           5%         N/A       56%         3
 Portal Projectile        Hex/Tloc       6%         N/A       71%         3
 Call Canine Familiar     Summ           0%         N/A       83%         3
 Leda's Liquefaction      Hex/Erth       0%         N/A       99%         4
 Manifold Assault         Tloc           5%         N/A       99%         5


Dungeon Overview and Level Annotations

Branches:
Dungeon (9/15)             Temple (1/1) D:5
   Lair: D:8-11         Orc: D:9-12

Altars:
Kikubaaqudgha
Makhleb
Trog
Xom

Annotations:
D:3 2 runed translucent doors, yahweh's ghost, amateur TrBe


Message History

* * * LOW HITPOINT WARNING * * *
You feel as though you will be slow longer.
The hornet stings you.
* * * LOW HITPOINT WARNING * * *
You are lethally poisoned!
You feel as though you will be slow longer.
You are confused.
You feel invigorated.
* * * LOW HITPOINT WARNING * * *
You feel extremely sick. The hornet stings you.
* * * LOW HITPOINT WARNING * * *
You suddenly lose the ability to move!
The hornet stings you but does no damage.
You feel very sick. The hornet stings you!
* * * LOW HITPOINT WARNING * * *
You feel as though you will be slow longer.
You feel very sick. The hornet stings you.
* * * LOW HITPOINT WARNING * * *
You are more poisoned.
You feel as though you will be slow longer.
The hornet stings you but does no damage.
You can move again.
You bump into the rock wall.
* * * LOW HITPOINT WARNING * * *
You feel extremely sick. The hornet barely misses you.
The hornet completely misses you.
You bump into the rock wall.
* * * LOW HITPOINT WARNING * * *
You feel very sick.
The hornet stings you but does no damage. x2
You closely miss the hornet.
The hornet is heavily wounded.
You feel less invigorated.
You feel less confused.
* * * LOW HITPOINT WARNING * * *
You feel sick. The hornet barely misses you. The hornet stings you!
You die...

...# #... #..........
...# .. .....#
..#.......... >..#
....# #.##.##......
...# ....# #.
#.####.#.. #### ...
#.##.# #)#.. ... ..#.#
#.#.. #.# #.#.# #.#†.
#.# #.#.# #.#.. #@#
#...# #.#..
###y######..####.##.
#...................
#.#...........##.###
#.#.....#...#.##.# #
#.###.#..>#.##.# ....
#.#.###.##.###
#.....##............#
.......##............#


You could see a hornet.

Vanquished Creatures
  A two-headed ogre (D:9)
  A troll (D:9)
  A shadow (D:6)
  9 yaks (D:9)
  2 wyverns
  2 steam dragons
  A water moccasin (D:6)
  2 black bears (D:8)
  An ogre (D:5)
  A centaur (D:9)
  3 phantoms
  2 kobold brigands (D:9)
  2 bullfrogs
  A necrophage (D:5)
  A gnoll sergeant (D:9)
  2 scorpions
  5 wights
  5 killer bees
  6 howler monkeys
  A hound (D:6)
  A jelly (D:4)
  2 iguanas
  6 orc wizards
  Robin (D:2)
  7 adders
  9 gnolls
  A white imp (D:8)
  5 worms
  7 dart slugs
  21 orcs
  12 ball pythons
  4 bats (D:1)
  8 endoplasms
  3 giant cockroaches (D:1)
  9 hobgoblins
  3 jackals (D:2)
  4 quokkas
  9 frilled lizards
  18 goblins
  13 kobolds
  6 rats
198 creatures vanquished.

Vanquished Creatures (others)
  An ice beast (D:5)
  An orc priest (D:5)
2 creatures vanquished.

Grand Total: 200 creatures vanquished

Notes
Turn   | Place    | Note
-------+----------+-------------------------------------------
     0 | D:1      | avis the Hill Orc Monk began the quest for the Orb.
     0 | D:1      | Reached XP level 1. HP: 19/19 MP: 1/1
    61 | D:1      | Reached XP level 2. HP: 21/27 MP: 2/2
   359 | D:1      | You fall into a shaft and drop 1 floor!
   379 | D:1      | Reached skill level 5 in Axes
   382 | D:1      | Reached XP level 3. HP: 29/33 MP: 3/3
  1031 | D:2      | Reached XP level 4. HP: 41/41 MP: 4/4
  1277 | D:2      | Noticed Robin
  1293 | D:2      | Reached skill level 6 in Axes
  1304 | D:2      | Killed Robin
  1524 | D:2      | Reached XP level 5. HP: 47/47 MP: 5/5
  1748 | D:3      | Found a large runed translucent door.
  1749 | D:3      | Found a large runed translucent door.
  1751 | D:3      | Noticed yahweh's ghost (amateur TrBe)
  2151 | D:4      | Reached skill level 5 in Fighting
  2165 | D:4      | Identified the +2 ring mail "Ixus" {rN+ Dex+2 SInv}
  2180 | D:4      | Learned a level 2 spell: Blink
  2290 | D:4      | Reached skill level 7 in Axes
  2555 | D:4      | Identified the +5 ring mail of Arcadian Contentment {rElec
                  | Int+2}
  2874 | D:4      | Upgraded the game from 0.29-a0-397-g846e4a0bbc to
                  | 0.29-a0-398-ge13fd1374b
  2906 | D:5      | Entered Level 5 of the Dungeon
  2968 | D:5      | Noticed an ice beast
  2979 | D:4      | Reached XP level 6. HP: 48/56 MP: 6/6
  3236 | D:5      | Reached skill level 1 in Translocations
  3248 | D:5      | Found a staircase to the Ecumenical Temple.
  3255 | D:5      | Reached skill level 8 in Axes
  3268 | Temple   | Entered the Ecumenical Temple
  3297 | D:5      | Reached XP level 7. HP: 62/62 MP: 6/8
  3313 | D:5      | Became a worshipper of Beogh the Brigand
  3313 | D:5      | Reached * piety under Beogh
  3313 | D:5      | Reached ** piety under Beogh
  3449 | D:5      | Reached skill level 1 in Spellcasting
  3565 | D:5      | Reached skill level 9 in Axes
  4060 | D:6      | Reached XP level 8. HP: 71/71 MP: 9/9
  4455 | D:6      | Reached skill level 10 in Axes
  4491 | D:7      | Noticed a shadow
  4511 | D:6      | Killed a shadow
  4645 | D:7      | Reached skill level 11 in Axes
  4645 | D:7      | Reached skill level 1 in Invocations
  5112 | D:7      | Found an ancient bone altar of Kikubaaqudgha.
  5777 | D:8      | Noticed a wyvern
  5794 | D:7      | Killed a wyvern
  5832 | D:8      | Reached XP level 9. HP: 80/81 MP: 9/11
  5890 | D:8      | Reached skill level 12 in Axes
  7096 | D:9      | Reached skill level 5 in Invocations
  7292 | D:9      | Reached skill level 13 in Axes
  7293 | D:9      | Reached *** piety under Beogh
  7308 | D:9      | Noticed a troll
  7312 | D:9      | Reached XP level 10. HP: 52/91 MP: 13/13
  7323 | D:9      | Reached skill level 14 in Axes
  7810 | D:9      | Noticed a two-headed ogre
  7826 | D:9      | Killed a two-headed ogre
  7827 | D:9      | Reached skill level 10 in Fighting
  8009 | D:9      | Reached skill level 15 in Axes
  8270 | D:9      | Paralysed by a hornet for 2 turns
  8285 | D:9      | Paralysed by a hornet for 3 turns
  8290 | D:9      | Slain by a hornet

Illustrated notes

Levels and vault maps discovered:
D:1:      dpeg_arrival_concentric_ovals, layout_rooms
D:2:      layout_loops_cross, uniq_robin
D:3:      layout_rooms, ebering_ghost_disaster_area
D:4:      layout_basic, nicolae_figureground_pulse
D:5:      layout_loops_cross, temple_doors_e, serial_glass, glass_columns_b,
          glass_columns_b, glass_columns_c, glass_columns_a
D:6:      layout_rooms
D:7:      layout_layer_cave, nicolae_overflow_hidden_temple
D:8:      minmay_inner_zag, layout_basic
D:9:      minmay_chambers_of_sevens, layout_basic,
          hangedman_decor_diamond_cutter
Temple:   compressed_dpeg_circular_temple

Skill      XL: |  1  2  3  4  5  6  7  8  9 10 |
---------------+-------------------------------+-----
Fighting       | 4 5 6 8 9 10 | 10.7
Axes           | 5 6 7 8 9 11 13 15 | 15.6
Translocations | 1 2 |  2.0
Spellcasting   | 1 |  1.0
Invocations    | 2 5 |  5.0
Dodging        | |  2.4
Stealth        | |  1.5

Action                   |  1- 3 |  4- 6 |  7- 9 | 10-12 || total
-------------------------+-------+-------+-------+-------++-------
Melee: Hand axe          |   117 |   239 |   224 |    82 ||   662
       Punch             |     1 |     2 |     1 |     4 ||     8
Throw: Boomerang         |       |       |    13 |       ||    13
       Dart              |       |       |       |     5 ||     5
Invok: Convert to Beogh  |       |       |     1 |       ||     1
  Use: Scroll            |       |     4 |     5 |       ||     9
       Potion            |       |       |     1 |     3 ||     4
 Stab: Sleeping          |       |     1 |       |       ||     1
       Distracted        |       |       |       |     1 ||     1
Armor: Robe              |    10 |       |       |       ||    10
       Chain mail        |    54 |    79 |       |       ||   133
       Ring mail         |       |    14 |    83 |    45 ||   142
Dodge: Dodged            |    42 |    76 |    80 |    38 ||   236

Table legend: (Time is in decaauts)
 A = Elapsed time spent in this place.
 B = Non-inter-level travel time spent in this place.
 C = Inter-level travel time spent in this place.
 D = Time resting spent in this place.
 E = Time spent auto-exploring this place.
 F = Levels seen in this place.
 G = Mean time per level.
                   A        B        C        D        E       F      G
               +--------+--------+--------+--------+--------+-----+--------+
         Total |   8239 |   7337 |    902 |    913 |   4332 |  10 |  823.9 |
       Dungeon |   8192 |   7290 |    902 |    913 |   4332 |   9 |  910.2 |
        Temple |     47 |     47 |      0 |      0 |      0 |   1 |   47.0 |
               +--------+--------+--------+--------+--------+-----+--------+

Top non-repeatable levels by time:
     D:8: 1496 daAuts
     D:7: 1324 daAuts
     D:4: 1086 daAuts
     D:2: 949 daAuts
     D:5: 907 daAuts
     D:1: 739 daAuts
     D:9: 725 daAuts
     D:6: 590 daAuts
     D:3: 372 daAuts
  Temple: 47 daAuts
